 Dungeon Crawl Stone Soup version 0.19-a0-1639-g740ae02 (webtiles) character file.

164 Reeven the Grave Robber (level 5, -5/31 HPs)
             Began as a Mummy Necromancer on Sept 19, 2016.
             Was an Initiate of Hepliaklqana.
             Killed by divine providence
             ... invoked by an orc priest
              (9 damage)
             ... on level 3 of the Dungeon.
             The game lasted 00:41:50 (3841 turns).

Reeven the Grave Robber (Mummy Necromancer)         Turns: 3841, Time: 00:41:51

Health: -5/31      AC:  2    Str: 11    XL:     5   Next: 21%
Magic:  4/9        EV: 11    Int: 16    God:    Hepliaklqana [......]
Gold:   219        SH:  0    Dex: 12    Spells: 3 memorised, 5 levels left

rFire  x . .     SeeInvis .     g - +0 club {No MP}
rCold  + . .     Gourm    .     a - +0 robe
rNeg   + + +     Faith    .     (no shield)
rPois  ∞         Spirit   .     (no helmet)
rElec  .         Dismiss  .     (no cloak)
rCorr  .         Reflect  .     (no gloves)
MR     .....     Harm     .     (no boots)
Stlth  +.........               (no amulet)
                                (no ring)
                                (no ring)

@: very slightly contaminated
A: no food or potions, fire vulnerability, reduced essence, cold resistance 1,
negative energy resistance 3, torment resistance, unbreathing
a: Recall Ancestor, Ancestor Identity, Renounce Religion


You were on level 3 of the Dungeon.
You worshipped Hepliaklqana.
Hepliaklqana was noncommittal.
You were not hungry.

You visited 1 branch of the dungeon, and saw 3 of its levels.

You collected 219 gold pieces.

Inventory:

Hand Weapons
 g - a +0 club (weapon) {No MP}
Armour
 a - a +0 robe (worn)
Jewellery
 h - an uncursed amulet of regeneration
 k - a cursed ring of positive energy
Wands
 n - a wand of lightning (7/15)
Scrolls
 c - 4 scrolls of teleportation {unknown}
 d - a scroll of immolation {unknown}
 e - a scroll of fog {unknown}
 f - a scroll of amnesia {unknown}
 i - a scroll of identify {unknown}
 j - a scroll of enchant armour {unknown}
 l - 2 scrolls of remove curse
 m - a scroll of noise {unknown}
 o - a scroll of blinking {unknown}
Books
 b - a book of Necromancy

   Spells                             Type                      Level
   a - Pain                           Necromancy                   1
   b - Animate Skeleton               Necromancy                   1
   c - Vampiric Draining              Necromancy                   3
   d - Regeneration                   Charms/Necromancy            3
   e - Animate Dead                   Necromancy                   4
   f - Control Undead                 Necromancy                   4


   Skills:
 + Level 1.6(0.8) Dodging
 + Level 1.7(0.8) Stealth
 + Level 0.1(0.0) Unarmed Combat
 + Level 3.1(1.5) Spellcasting
 * Level 5.8(2.9) Necromancy


You had 5 spell levels left.
You knew the following spells:

 Your Spells              Type           Power        Failure   Level  Hunger
a - Pain                  Necr           ##..         10%         1    N/A
b - Animate Skeleton      Necr           N/A          10%         1    N/A
c - Vampiric Draining     Necr           ##........   21%         3    N/A

Dungeon Overview and Level Annotations

Branches:
Dungeon (3/15)

Altars:
Ashenzari
Gozag
Hepliaklqana
Xom
Yredelemnul


Innate Abilities, Weirdness & Mutations

You do not eat or drink.
Your flesh is vulnerable to fire.
You are immune to poison.
Your flesh is cold resistant. (rC+)
You are immune to negative energy. (rN+++)
You are immune to unholy pain and torment.
You can survive without breathing.
Your life essence is reduced. (-10% HP)


Message History

r - Retreat! s - Stop attacking. g - Guard the area. f - Follow me.
Anything else - Cancel.
Gang up on whom?
Press: ? - help, Dir - move target cursor You can't see that place. [the floor.]
You can't see that place.
Okay, then.
You see here a whip.
You start resting.
Casting: Animate Skeleton
Confirm with . or Enter, or press ? or * to list all spells.
You can't see any susceptible monsters within range! (Use Z to cast anyway.) Milfhunter is still trapped in memory!
An ogre comes into view. It is wielding a giant club.
You swap places.
The orc priest invokes the aid of Beogh against you.
Beogh smites you!
You die...

#..#..#..###.#
##...#%..# #R#
######### #.#
##.#####
#...R..#
#..###.########
#
#..##.........#
#
##...#..######.#
## #..o.).@# #.
##...#.## #.
#.###o##Z# #.
#...O....# #.
#####)#### #.
#'# #. ... #.
..... #. .......
#.


You could see an orc priest and a friendly orc skeleton.

Vanquished Creatures
  4 adders
  A gnoll (D:3)
  4 worms
  3 leopard geckos
  2 orcs (D:3)
  8 bats
  5 giant cockroaches
  5 goblins
  12 hobgoblins
  9 jackals (D:2)
  2 quokkas
  2 ball pythons
  4 frilled lizards
  5 kobolds
  9 rats
75 creatures vanquished.

Vanquished Creatures (collateral kills)
  2 gnolls (D:3)
  A dart slug (D:1)
  An orc (D:3)
  A giant cockroach (D:1)
  A kobold (D:1)
  A rat (D:2)
7 creatures vanquished.

Vanquished Creatures (others)
  An ancestor (D:3)
1 creature vanquished.

Grand Total: 83 creatures vanquished

Notes
Turn   | Place    | Note
-------+----------+-------------------------------------------
     0 | D:1      | Reeven the Mummy Necromancer began the quest for the Orb.
     0 | D:1      | Reached XP level 1. HP: 13/13 MP: 3/3
   157 | D:1      | Learned a level 1 spell: Animate Skeleton
   305 | D:1      | Reached XP level 2. HP: 15/19 MP: 3/5
  1307 | D:1      | Reached XP level 3. HP: 21/24 MP: 4/6
  1613 | D:2      | Reached skill level 5 in Necromancy
  1758 | D:2      | Upgraded the game from 0.19-a0-1637-gfc13266 to 0.19-a0-1639-g740ae02
  1799 | D:2      | Reached XP level 4. HP: 30/30 MP: 3/8
  2033 | D:2      | Learned a level 3 spell: Vampiric Draining
  2402 | D:2      | Found a basalt altar of Yredelemnul.
  3054 | D:3      | Found an opulent altar of Gozag.
  3346 | D:3      | Found a shattered altar of Ashenzari.
  3351 | D:3      | Found a shimmering altar of Xom.
  3355 | D:3      | Became a worshipper of Ashenzari the Shackled
  3356 | D:3      | Fell from the grace of Ashenzari
  3619 | D:3      | Found a hazy altar of Hepliaklqana.
  3685 | D:3      | Became a worshipper of Hepliaklqana
  3800 | D:3      | Reached XP level 5. HP: 19/31 MP: 4/9
  3839 | D:3      | Noticed an ogre
  3841 | D:3      | Killed from afar by an orc priest

Vault maps used:
D:1:      shiori_arrival_oz, serial_bayou, serial_bayou_lagoon_b,
          serial_bayou_pond_b, serial_bayou_lake_a, serial_bayou_lagoon_a,
          minmay_misc_feat_ornament
D:2:      lemuel_crystal_altar, kennysheep_generic_room_15
D:3:      minitemple, nicolae_gozag_cash_rules_everything_around_me,
          marbit_many_paths

Skill      XL: |  1  2  3  4 |
---------------+-------------+-----
Necromancy     | 5 |  5.8
Spellcasting   | 3 |  3.1
Dodging        | |  1.6
Stealth        | |  1.7
Unarmed Combat | |  0.1

Action                   |  1- 3 |  4- 6 || total
-------------------------+-------+-------++-------
Melee: Unarmed           |    41 |    12 ||    53
       Club              |       |     5 ||     5
 Cast: Pain              |    65 |    87 ||   152
       Animate Skeleton  |     5 |    17 ||    22
       Vampiric Draining |       |     1 ||     1
Invok: Renounce Religion |       |     1 ||     1
       Ancestor Identity |       |     1 ||     1
Evoke: Wand              |       |     1 ||     1
Armor: Robe              |     5 |    12 ||    17
Dodge: Dodged            |    25 |    39 ||    64
